 Dungeon Crawl Stone Soup version 0.21.1-1-g345015f (webtiles) character file.

214 tidbits the Insei (level 5, 0/41 HPs)
             Began as a Gnoll Transmuter on Feb 10, 2018.
             Succumbed to an adder's poison
             ... in a sewer.
             The game lasted 00:04:57 (380 turns).

tidbits the Insei (Gnoll Transmuter)                 Turns: 380, Time: 00:04:58

Health: 0/41       AC:  2    Str: 12    XL:     5   Next: 91%
Magic:  3/12       EV: 15    Int: 16    God:
Gold:   14         SH:  0    Dex: 16    Spells: 8/14 levels left

rFire    . . .     SeeInvis .     - Unarmed
rCold    . . .     Gourm    .   (no shield)
rNeg     . . .     Faith    .   b - +0 robe
rPois    .         Spirit   .   (no helmet)
rElec    .         Reflect  .   (no cloak)
rCorr    .         Harm     .   (no gloves)
MR       .....                  (no boots)
Stlth    ++........             (no amulet)
HPRegen  0.13/turn              (no ring)
MPRegen  0.13/turn              (no ring)

@: lethally poisoned (0 -> -7), flying, very slightly contaminated
A: distributed training, fangs 1, strong nose
a: no special abilities


You were in a sewer.
You were not hungry.

You visited 1 branch of the dungeon, and saw 3 of its levels.
You also visited: Sewer.

You collected 14 gold pieces.

Inventory:

Missiles
 a - 4 arrows
Armour
 b - a +0 robe (worn)
Scrolls
 e - a scroll of fear {unknown}
 j - a scroll of amnesia
 l - 2 scrolls of teleportation
Books
 c - a book of Changes

   Spells                             Type                      Level
   a - Beastly Appendage              Transmutation                1
   b - Sticks to Snakes               Transmutation                2
   c - Spider Form                    Transmutation/Poison         3
   d - Ice Form                       Ice/Transmutation            4
   e - Blade Hands                    Transmutation                5
Comestibles
 d - a ration
 k - a chunk of flesh


   Skills:
 + Level 3.0 Fighting
 + Level 1.6 Short Blades
 + Level 1.6 Long Blades
 + Level 1.6 Axes
 + Level 1.6 Maces & Flails
 + Level 1.6 Polearms
 + Level 1.6 Staves
 + Level 1.6 Slings
 + Level 1.6 Bows
 + Level 1.6 Crossbows
 + Level 1.6 Throwing
 + Level 1.6 Armour
 + Level 4.8 Dodging
 + Level 1.6 Stealth
 + Level 1.6 Shields
 + Level 6.7 Unarmed Combat
 + Level 5.2 Spellcasting
 + Level 1.3 Conjurations
 + Level 1.3 Hexes
 + Level 1.3 Charms
 + Level 1.3 Summonings
 + Level 1.3 Necromancy
 + Level 1.3 Translocations
 + Level 4.0 Transmutations
 + Level 1.3 Fire Magic
 + Level 1.3 Ice Magic
 + Level 1.3 Air Magic
 + Level 1.3 Earth Magic
 + Level 1.3 Poison Magic
 + Level 1.8 Invocations
 + Level 1.6 Evocations


You had 8 spell levels left.
You knew the following spells:

 Your Spells              Type           Power        Failure   Level  Hunger
e - Beastly Appendage     Tmut           ###...       2%          1    None
k - Sticks to Snakes      Tmut           ###.....     4%          2    #......
p - Spider Form           Tmut/Pois      ##........   16%         3    ###....


Dungeon Overview and Level Annotations

Branches:
Dungeon (3/15)

Altars:


Innate Abilities, Weirdness & Mutations

Your experience applies equally to all skills.
You have very sharp teeth.
Your uncanny sense of smell can sniff out nearby items.


Message History

Your ball python grabs the adder.
Your ball python constricts the adder.
The adder misses you. The frilled lizard closely misses you.
The adder bites your ball python.
Your ball python dies!
The bullfrog misses you.
The adder hisses angrily.
You feel much better. The bullfrog misses you.
The adder bites you but does no damage. The bullfrog misses you.
The adder bites you but does no damage. The frilled lizard barely misses you.
The bullfrog barely misses you.
Unknown command.
You hit the bullfrog.
The bullfrog looks as sick as possible!
The bullfrog is severely wounded.
The bullfrog hits you. The adder closely misses you.
The adder completely misses you. The bullfrog hits you.
The frilled lizard bites you but does no damage.
The bullfrog misses you.
You bite the bullfrog!
You kill the bullfrog!
Your Conjurations skill increases to level 1!
Your Hexes skill increases to level 1!
Your Charms skill increases to level 1!
Your Summonings skill increases to level 1!
Your Necromancy skill increases to level 1!
Your Translocations skill increases to level 1!
Your Fire Magic skill increases to level 1!
Your Ice Magic skill increases to level 1!
Your Air Magic skill increases to level 1!
Your Earth Magic skill increases to level 1!
Your Poison Magic skill increases to level 1!
You have reached level 5!
The adder bites you. The bullfrog hits you. The adder bites you.
* * * LOW HITPOINT WARNING * * *
You are poisoned.
The adder poisons you!
The frilled lizard completely misses you.
The adder closely misses you.
The bullfrog hits you but does no damage.
You barely miss the bullfrog.
You feel sick. The adder bites you.
* * * LOW HITPOINT WARNING * * *
The bullfrog barely misses you. The adder barely misses you.
The frilled lizard misses you. The adder bites you.
* * * LOW HITPOINT WARNING * * *
You hit the bullfrog.
The bullfrog is moderately wounded.
Your transformation is almost over.
You feel sick. The bullfrog closely misses you. The adder misses you. x2
The frilled lizard bites you.
* * * LOW HITPOINT WARNING * * *
You feel better. The bullfrog barely misses you.
The adder completely misses you. The adder misses you.
The bullfrog completely misses you. The frilled lizard misses you.
Unknown command.
You hit the bullfrog.
The bullfrog is poisoned.
The bullfrog is moderately wounded.
The adder completely misses you. The adder barely misses you.
The bullfrog misses you.
You hit the bullfrog.
The bullfrog is heavily wounded.
The adder closely misses you. The adder bites you.
* * * LOW HITPOINT WARNING * * *
The bullfrog completely misses you. The frilled lizard barely misses you.
The adder misses you. The bullfrog completely misses you. The adder bites you.
* * * LOW HITPOINT WARNING * * *
You hit the bullfrog.
The bullfrog looks as sick as possible!
The bullfrog is severely wounded.
The frilled lizard bites you but does no damage.
The bullfrog completely misses you. The adder misses you.
The adder completely misses you.
You hit the bullfrog.
You kill the bullfrog!
Your Fighting skill increases to level 3!
Your Transmutations skill increases to level 4!
The frilled lizard barely misses you. The adder barely misses you.
The adder closely misses you.
You hit the adder but do no damage.
The adder is poisoned.
The adder is lightly wounded.
The frilled lizard closely misses you. The adder completely misses you.
The adder closely misses you.
You barely miss the adder.
The adder is moderately wounded.
The adder barely misses you. The adder completely misses you.
The frilled lizard completely misses you.
You closely miss the adder.
The adder is moderately wounded.
The adder completely misses you. The adder bites you.
* * * LOW HITPOINT WARNING * * *
You are lethally poisoned!
The adder poisons you! The frilled lizard bites you.
* * * LOW HITPOINT WARNING * * *
You barely miss the adder.
The adder is moderately wounded.
* * * LOW HITPOINT WARNING * * *
You feel sick. The adder misses you. The adder bites you.
* * * LOW HITPOINT WARNING * * *
The frilled lizard completely misses you.
You barely miss the adder.
The adder is severely wounded.
Your transformation has ended.
Your +0 robe unmelds from your body.
You die...

#...≈.###..#
##.≈≈.
#≈≈≈≈≈≈#####
#≈≈≈≈≈
#≈≈≈≈≈≈#
#≈≈≈≈≈
#≈≈≈≈≈≈#
#≈≈≈≈≈
#≈≈≈≈≈≈#
#≈≈≈≈≈
#≈≈≈≈≈≈#
#≈≈≈≈≈
#≈≈≈≈≈≈#
#≈≈†††
#≈≈≈≈≈≈#
#≈≈†..
#≈@S≈≈≈#
#≈.≈.≈
#†lS≈≈≈#
#≈≈≈≈≈
#≈≈≈≈≈≈#
#≈≈≈≈≈
#≈≈≈≈≈≈#
#≈≈≈≈≈
#≈≈≈≈≈≈#
#≈≈≈≈≈
#≈≈≈≈≈≈#
#≈≈≈≈≈
#≈≈≈≈≈≈#
#≈≈≈≈≈
#≈≈≈≈≈≈#
#≈≈≈≈≈
#.≈...


You could see 2 adders and a frilled lizard.

Vanquished Creatures
  2 bullfrogs (Sewer)
  2 adders (Sewer)
  3 river rats (Sewer)
  A worm (D:2)
  12 ball pythons
  2 giant cockroaches (D:3)
  A bat (D:3)
  21 rats
44 creatures vanquished.

Vanquished Creatures (collateral kills)
  2 ball pythons (Sewer)
  A frilled lizard (Sewer)
  5 rats (Sewer)
8 creatures vanquished.

Grand Total: 52 creatures vanquished

Notes
Turn   | Place    | Note
-------+----------+-------------------------------------------
     0 | D:1      | tidbits the Gnoll Transmuter began the quest for the Orb.
     0 | D:1      | Reached XP level 1. HP: 17/17 MP: 6/6
    56 | D:3      | Found a glowing drain.
    64 | D:3      | Reached XP level 2. HP: 23/23 MP: 5/7
    88 | D:3      | Learned a level 2 spell: Sticks to Snakes
    89 | Sewer    | Entered a sewer
   161 | Sewer    | Reached XP level 3. HP: 7/28 MP: 2/9
   165 | Sewer    | Reached skill level 5 in Spellcasting
   172 | Sewer    | Learned a level 3 spell: Spider Form
   243 | Sewer    | Reached skill level 1 in Invocations
   249 | Sewer    | Reached skill level 1 in Short Blades
   249 | Sewer    | Reached skill level 1 in Long Blades
   249 | Sewer    | Reached skill level 1 in Axes
   249 | Sewer    | Reached skill level 1 in Maces & Flails
   249 | Sewer    | Reached skill level 1 in Polearms
   249 | Sewer    | Reached skill level 1 in Staves
   249 | Sewer    | Reached skill level 1 in Slings
   249 | Sewer    | Reached skill level 1 in Bows
   249 | Sewer    | Reached skill level 1 in Crossbows
   249 | Sewer    | Reached skill level 1 in Throwing
   249 | Sewer    | Reached skill level 1 in Armour
   249 | Sewer    | Reached skill level 1 in Stealth
   249 | Sewer    | Reached skill level 1 in Shields
   249 | Sewer    | Reached skill level 1 in Evocations
   255 | Sewer    | Reached XP level 4. HP: 17/34 MP: 3/11
   355 | Sewer    | Noticed a bullfrog
   357 | Sewer    | Noticed a bullfrog
   368 | Sewer    | Killed a bullfrog
   368 | Sewer    | Reached skill level 1 in Conjurations
   368 | Sewer    | Reached skill level 1 in Hexes
   368 | Sewer    | Reached skill level 1 in Charms
   368 | Sewer    | Reached skill level 1 in Summonings
   368 | Sewer    | Reached skill level 1 in Necromancy
   368 | Sewer    | Reached skill level 1 in Translocations
   368 | Sewer    | Reached skill level 1 in Fire Magic
   368 | Sewer    | Reached skill level 1 in Ice Magic
   368 | Sewer    | Reached skill level 1 in Air Magic
   368 | Sewer    | Reached skill level 1 in Earth Magic
   368 | Sewer    | Reached skill level 1 in Poison Magic
   368 | Sewer    | Reached XP level 5. HP: 29/40 MP: 1/12
   375 | Sewer    | Reached skill level 3 in Fighting
   375 | Sewer    | Reached skill level 4 in Transmutations
   379 | Sewer    | HP: 4/41 [poisoned by an adder]
   379 | Sewer    | HP: 1/41 [adder (3)]
   380 | Sewer    | Succumbed to an adder's poison

Skill      XL: |  1  2  3  4  5 |
---------------+----------------+-----
Spellcasting   | 5 |  5.2
Invocations    | 1 |  1.8
Short Blades   | 1 |  1.6
Long Blades    | 1 |  1.6
Axes           | 1 |  1.6
Maces & Flails | 1 |  1.6
Polearms       | 1 |  1.6
Staves         | 1 |  1.6
Slings         | 1 |  1.6
Bows           | 1 |  1.6
Crossbows      | 1 |  1.6
Throwing       | 1 |  1.6
Armour         | 1 |  1.6
Stealth        | 1 |  1.6
Shields        | 1 |  1.6
Evocations     | 1 |  1.6
Conjurations   | 1 |  1.3
Hexes          | 1 |  1.3
Charms         | 1 |  1.3
Summonings     | 1 |  1.3
Necromancy     | 1 |  1.3
Translocations | 1 |  1.3
Fire Magic     | 1 |  1.3
Ice Magic      | 1 |  1.3
Air Magic      | 1 |  1.3
Earth Magic    | 1 |  1.3
Poison Magic   | 1 |  1.3
Fighting       | 3 |  3.0
Transmutations | 4 |  4.0
Dodging        | |  4.8
Unarmed Combat | |  6.7

Action                   |  1- 3 |  4- 6 || total
-------------------------+-------+-------++-------
Melee: Unarmed           |    63 |    35 ||    98
       Headbutt          |     8 |       ||     8
       Kick              |     1 |       ||     1
       Bite              |     1 |       ||     1
 Cast: Beastly Appendage |     6 |       ||     6
       Sticks to Snakes  |     4 |     4 ||     8
       Spider Form       |     3 |     3 ||     6
  Use: Scroll            |     2 |     1 ||     3
       Potion            |     1 |     4 ||     5
 Stab: Sleeping          |     1 |       ||     1
Armor: Robe              |     2 |       ||     2
       Skin              |     1 |     7 ||     8
Dodge: Dodged            |    56 |    88 ||   144

Table legend:
 A = Turns spent in this place as a percentage of turns spent in the entire game.
 B = Non-inter-level travel turns spent in this place as a percentage of non-inter-level travel turns spent in the entire game.
 C = Inter-level travel turns spent in this place as a percentage of turns spent in this place.
 D = Turns resting spent in this place as a percentage of non-inter-level travel turns spent in this place.
 E = Turns spent auto-exploring this place as a percentage of non-inter-level travel turns spent in this place.
 F = Non-inter-level travel turns spent in this place divided by the number of levels of this place that you've seen.
                   A       B       C       D       E      F
               +-------+-------+-------+-------+-------+----------------------
         Total | 100.0 | 100.0 |   0.0 |   0.0 |   0.0 |  95.0
       Dungeon |  23.4 |  23.4 |   0.0 |   0.0 |   0.0 |  29.7
         Sewer |  76.6 |  76.6 |   0.0 |   0.0 |   0.0 | 291.0
               +-------+-------+-------+-------+-------+----------------------

Table legend:
 A = Kills in this place as a percentage of kills in entire the game.
 B = Kills by you in this place as a percentage of kills by you in the entire game.
 C = Kills by friends in this place as a percentage of kills by friends in the entire game.
 D = Other kills in this place as a percentage of other kills in the entire game.
 E = Experience gained in this place as a percentage of experience gained in the entire game.
 F = Experience gained in this place divided by the number of levels of this place that you have seen.
                   A       B       C       D       E      F
               +-------+-------+-------+-------+-------+----------------------
         Total | 100.0 | 100.0 | 100.0 |   N/A | 100.0 |  76.5
       Dungeon |  13.5 |  15.9 |   0.0 |   N/A |   4.6 |   4.7
         Sewer |  86.5 |  84.1 | 100.0 |   N/A |  95.4 | 292.0
               +-------+-------+-------+-------+-------+----------------------

Vault maps used:
D:1:      lemuel_arrival_cross
D:3:      portal_sewer_entry_b
Sewer:    sewer_minmay_w
